 Dungeon Crawl Stone Soup version 0.30-a0-165-g1891117ce2 (webtiles) character file.

Game seed: 6835705187380785334

55 Hypnagogic the Conjurer (level 3, -2/19 HPs)
             Began as a Deep Elf Conjurer on Sept 28, 2022.
             Slain by a black bear (5 damage)
             ... on level 3 of the Dungeon.
             The game lasted 00:10:59 (2304 turns).

Hypnagogic the Conjurer (Deep Elf Conjurer)         Turns: 2304, Time: 00:11:00

Health: -2/19      AC:  3    Str:  4    XL:     3   Next: 67%
Magic:  2/10       EV: 11    Int: 24    God:
Gold:   131        SH:  0    Dex: 13    Spells: 6/10 levels left

rFire   . . .      SeeInvis .    n - +0 dagger
rCold   . . .      Faith    .    (no shield)
rNeg    . . .      Spirit   .    c - +0 leather armour
rPois   +          Reflect  .    (no helmet)
rElec   .          Harm     .    (no cloak)
rCorr   .          Rampage  .    (no gloves)
Will    .....                    (no boots)
Stlth   ++........               (no amulet)
HPRegen 0.06/turn                j - ring of poison resistance
MPRegen 0.12/turn                (no ring)

@: no status effects
A: no striking features
a: no special abilities


You were on level 3 of the Dungeon.
You visited 1 branch of the dungeon, and saw 4 of its levels.

You collected 131 gold pieces.

Inventory:

Hand Weapons
 n - a +0 dagger (weapon)
 r - a +0 short sword
Armour
 a - a +0 robe
 c - a +0 leather armour (worn)
 g - a +0 cloak
Jewellery
 j - a ring of poison resistance (left hand)
 l - a ring of wizardry
 q - a ring of fire
Wands
 m - a wand of flame (18)
Scrolls
 d - a scroll of summoning {unknown}
 f - a scroll of brand weapon {unknown}
 h - a scroll of vulnerability {unknown}
 i - 3 scrolls of identify {unknown}
 k - a scroll of immolation {unknown}
 o - 4 scrolls of teleportation {unknown}
Potions
 b - a potion of magic
 e - 2 potions of haste {unknown}
 p - a potion of degeneration {unknown}
 s - a potion of resistance {unknown}
 t - a potion of curing {unknown}


   Skills:
 + Level 0.1 Armour
 + Level 2.9 Dodging
 * Level 3.2 Stealth
 * Level 4.1 Spellcasting
 + Level 4.8 Conjurations


You had 6 spell levels left.
You knew the following spells:

 Your Spells              Type           Power      Damage    Failure   Level
a - Magic Dart            Conj           100%       1d8       2%          1
b - Searing Ray           Conj           56%        2d6       3%          2
c - Sting                 Tmut/Pois      16%        1d3       17%         1

Your spell library contained the following spells:

 Spells                   Type           Power      Damage    Failure   Level
 Dazzling Flash           Conj/Hex       32%        N/A       19%         3
 Blink                    Tloc           8%         N/A       26%         2
 Poisonous Vapours        Pois/Air       8%         N/A       26%         2
 Sublimation of Blood     Necr           4%         N/A       26%         2
 Fulminant Prism          Conj/Hex       8%         3d7       54%         4
 Iskenderun's Mystic Bla  Conj/Tloc      16%        2d5       54%         4
 Manifold Assault         Tloc           4%         N/A       86%         4
 Olgreb's Toxic Radiance  Pois           4%         N/A       86%         4
 Petrify                  Tmut/Erth      4%         N/A       86%         4
 Irradiate                Conj/Tmut      8%         3d14      87%         5
 Storm Form               Tmut/Air       2%         N/A       100%        7


Dungeon Overview and Level Annotations

Branches:
Dungeon (4/15)
 Temple: D:4-7

Altars:
Ru

Annotations:
D:4 Menkaure


Message History

Confirm with . or Enter, or press ? or * to list all spells.
Aiming: Magic Dart (safe; 2% risk of failure)
Press: ? - help, Shift-Dir - straight line, f/p - black bear
Aim: a black bear (moderately wounded, 100% to hit)
The magic dart hits the black bear but does no damage.
The black bear is moderately wounded.
Casting: Magic Dart (safe; 2% risk of failure)
Confirm with . or Enter, or press ? or * to list all spells.
Aiming: Searing Ray (safe; 3% risk of failure)
Press: ? - help, Shift-Dir - straight line, f/p - black bear
Aim: a black bear (moderately wounded, 85% to hit)
The searing ray hits the black bear.
The black bear is moderately wounded. (Press . to maintain the ray.)
Casting: Searing Ray (safe; 3% risk of failure)
Confirm with . or Enter, or press ? or * to list all spells.
Okay, then.
The searing ray misses the black bear.
The searing ray hits the black bear!
The black bear is severely wounded.
The searing ray hits the black bear.
The black bear is severely wounded.
You finish channelling your searing ray.
The black bear bites you! The black bear closely misses you.
The black bear barely misses you.
The black bear goes berserk!
The black bear bites you. The black bear closely misses you.
The black bear claws you.
* * * LOW HITPOINT WARNING * * *
Casting: Searing Ray (safe; 3% risk of failure)
Confirm with . or Enter, or press ? or * to list all spells.
Aiming: Magic Dart (safe; 2% risk of failure)
Press: ? - help, Shift-Dir - straight line, f/p - black bear
Aim: a black bear (severely wounded, berserk, 100% to hit)
The magic dart hits the black bear.
The black bear is almost dead.
The black bear barely misses you. The black bear claws you.
* * * LOW HITPOINT WARNING * * *
The black bear claws you.
You die...

#.................#
#.................#
#.....###.#########
####......#
##'######
###...#####
#.........#
#.........#
#.@.......#
#.!h......#
#.......>.#
###........#
+........#
#........ .......
#######


You could see a black bear (berserk).

Vanquished Creatures
  An adder (D:4)
  2 worms (D:2)
  A dart slug (D:3)
  A bat (D:1)
  3 endoplasms
  5 giant cockroaches
  4 goblins
  2 hobgoblins
  2 jackals (D:1)
  2 quokkas (D:1)
  2 ball pythons (D:3)
  7 frilled lizards
  5 rats
37 creatures vanquished.

Notes
Turn   | Place    | Note
-------+----------+-------------------------------------------
     0 | D:1      | Hypnagogic the Deep Elf Conjurer began the quest for the
                  | Orb.
     0 | D:1      | Reached XP level 1. HP: 10/10 MP: 6/6
   291 | D:1      | Found a faded altar of an unknown god.
   422 | D:1      | Reached XP level 2. HP: 15/15 MP: 5/8
   745 | D:2      | Found a sacrificial altar of Ru.
   749 | D:2      | Noticed a phantom
   860 | D:2      | Learned a level 2 spell: Searing Ray
  1093 | D:2      | Reached XP level 3. HP: 19/19 MP: 8/10
  1520 | D:3      | Learned a level 1 spell: Sting
  1737 | D:3      | Noticed a black bear
  2110 | D:4      | Noticed Menkaure
  2304 | D:3      | Slain by a black bear

Illustrated notes

Levels and vault maps discovered:
D:1:      reono_arrival_mine, layout_basic, hellmonk_ecumenical_altar_run_dry
D:2:      layout_rooms, basic_altar
D:3:      layout_basic
D:4:      layout_loops_ring, amcnicky_mini_pool_small, minmay_misc_feat_doors,
          uniq_menkaure

Skill      XL: |  1  2  3 |
---------------+----------+-----
Stealth        | 3 |  3.2
Spellcasting   | 4 |  4.1
Armour         | |  0.1
Dodging        | |  2.9
Conjurations   | |  4.8

Action                   || total
-------------------------++-------
 Cast: Magic Dart        ||    75
       Searing Ray       ||     1
Dodge: Dodged            ||     6

Table legend: (Time is in decaauts)
 A = Elapsed time spent in this place.
 B = Non-inter-level travel time spent in this place.
 C = Inter-level travel time spent in this place.
 D = Time resting spent in this place.
 E = Time spent auto-exploring this place.
 F = Levels seen in this place.
 G = Mean time per level.
                   A        B        C        D        E       F      G
               +--------+--------+--------+--------+--------+-----+--------+
         Total |   2304 |   2136 |    168 |      6 |   1524 |   4 |  576.0 |
       Dungeon |   2304 |   2136 |    168 |      6 |   1524 |   4 |  576.0 |
               +--------+--------+--------+--------+--------+-----+--------+

Top non-repeatable levels by time:
     D:3: 800 daAuts
     D:1: 781 daAuts
     D:2: 568 daAuts
     D:4: 153 daAuts
